 Dungeon Crawl Stone Soup version 0.29-a0-362-g5854e031c7 (webtiles) character file.

Game seed: 6958587684660102219

13 lesaewzxc the Cudgeller (level 2, -1/24 HPs)
             Began as a Human Cinder Acolyte on Apr 29, 2022.
             Was a High Priest of Ignis.
             Slain by a ball python (2 damage)
             ... on level 3 of the Dungeon.
             The game lasted 00:16:52 (1055 turns).

lesaewzxc the Cudgeller (Human Cinder Acolyte)      Turns: 1055, Time: 00:16:52

Health: -1/24      AC: 10    Str: 14    XL:     2   Next: 50%
Magic:  3/3        EV:  0    Int: 14    God:    Ignis [*****.]
Gold:   70         SH:  2    Dex:  8    Spells: 3/3 levels left

rFire   + + .      SeeInvis .   a - -1 mace (flame)
rCold   x . .      Faith    .   d - +0 buckler
rNeg    . . .      Spirit   .   e - +0 plate armour
rPois   .          Reflect  .   (no helmet)
rElec   .          Harm     .   (no cloak)
rCorr   .          Rampage  .   (no gloves)
Will    .....                   (no boots)
Stlth   ..........              (no amulet)
HPRegen 0.08/turn               g - ring of fire
MPRegen 0.08/turn               (no ring)

@: constricted
A: no striking features
a: Renounce Religion, Fiery Armour, Foxfire Swarm, Rising Flame


You were on level 3 of the Dungeon.
You worshipped Ignis.
Ignis was extremely pleased with you.
You visited 1 branch of the dungeon, and saw 3 of its levels.

You collected 70 gold pieces.

Inventory:

Hand Weapons
 a - a -1 mace of flaming (weapon)
Missiles
 h - 18 stones (quivered)
Armour
 b - a +0 robe
 d - a +0 buckler (worn)
 e - a +0 plate armour (worn)
Jewellery
 g - a ring of fire (left hand)
 j - a ring of fire
Scrolls
 c - a scroll of teleportation
 f - 4 scrolls of identify {unknown}
Potions
 i - 2 potions of curing {unknown}
 k - a potion of attraction {unknown}


   Skills:
 + Level 3.2 Fighting
 + Level 3.5 Maces & Flails
 + Level 1.0 Spellcasting
 + Level 3.0 Fire Magic


You had 3 spell levels left.
You didn't know any spells.
Your spell library contained the following spells:

 Spells                   Type           Power      Damage    Failure   Level
 Scorch                   Fire           26%        2d6       100%        2
 Ignite Poison            Fire/Tmut/Pois 5%         N/A       100%        3
 Mephitic Cloud           Conj/Pois/Air  0%         N/A       100%        3
 Freezing Cloud           Conj/Ice/Air   0%         6-21      100%        5


Dungeon Overview and Level Annotations

Branches:
Dungeon (3/15)

Altars:


Message History

The ball python constricts you.
You hit the rat. You burn the rat.
You kill the rat!
The ball python bites you. The ball python constricts you.
The ball python bites you. The ball python constricts you.
The kobold hits you but does no damage.
Okay, then.
You hit the kobold but do no damage.
The ball python bites you but does no damage.
The ball python constricts you.
An endoplasm comes into view.
The kobold hits you with a +0 whip.
The ball python bites you but does no damage.
The ball python constricts you.
You barely miss the kobold.
The endoplasm quivers.
The kobold hits you but does no damage.
A rat comes into view.
You block the ball python's attack. The ball python constricts you.
* * * LOW HITPOINT WARNING * * *
You hit the kobold but do no damage. The kobold hits you with a +0 whip.
* * * LOW HITPOINT WARNING * * *
The ball python bites you but does no damage.
The ball python constricts you. The kobold hits you but does no damage.
The ball python bites you but does no damage.
The ball python constricts you.
* * * LOW HITPOINT WARNING * * *
You closely miss the kobold. The ball python completely misses you.
The ball python constricts you.
* * * LOW HITPOINT WARNING * * *
The kobold hits you but does no damage.
You barely miss the ball python.
The ball python bites you but does no damage.
The ball python constricts you. The kobold hits you with a +0 whip.
* * * LOW HITPOINT WARNING * * *
The ball python bites you but does no damage.
The ball python constricts you.
You closely miss the kobold. The kobold hits you but does no damage.
The ball python bites you.
You die...

.. .### ####
..####... ####
#.##...##
.....##.......##
PPPP...........#
#.<.......###
$$$P...#..J......#
$$$P#####@K((.....
PPPP......S.......
. [.####...r......
.........#..
............:
#####......##.
.........
....##.##


You could see an endoplasm, a ball python, a kobold and a rat.

Vanquished Creatures
  2 ball pythons (D:1)
  2 endoplasms (D:2)
  A giant cockroach (D:1)
  3 hobgoblins
  A goblin (D:2)
  A kobold (D:2)
  A rat (D:3)
11 creatures vanquished.

Vanquished Creatures (others)
  9 foxfires (D:2)
9 creatures vanquished.

Grand Total: 20 creatures vanquished

Notes
Turn   | Place    | Note
-------+----------+-------------------------------------------
     0 | D:1      | lesaewzxc the Human Cinder Acolyte began the quest for the
                  | Orb.
     0 | D:1      | Reached XP level 1. HP: 18/18 MP: 2/2
   227 | D:1      | Found a faded altar of an unknown god.
   761 | D:2      | Reached XP level 2. HP: 23/24 MP: 3/3
  1054 | D:3      | HP: 1/24 [kobold/+0 whip (1)]
  1055 | D:3      | Slain by a ball python

Illustrated notes

Levels and vault maps discovered:
D:1:      dpeg_arrival_orchard, layout_basic, basic_ecumenical_altar,
          kennysheep_another_room, minivault_19
D:2:      layout_basic
D:3:      layout_rooms, interstate_on_off, minmay_gold_behind_fungi,
          patterned_corridor, uniq_ijyb

Action                   || total
-------------------------++-------
Melee: Mace              ||    29
Throw: Stone             ||     5
Invok: Fiery Armour      ||     1
       Foxfire Swarm     ||     1
  Use: Scroll            ||     2
Armor: Plate armour      ||    29
Dodge: Dodged            ||     4
Block: Buckler           ||     4

Table legend: (Time is in decaauts)
 A = Elapsed time spent in this place.
 B = Non-inter-level travel time spent in this place.
 C = Inter-level travel time spent in this place.
 D = Time resting spent in this place.
 E = Time spent auto-exploring this place.
 F = Levels seen in this place.
 G = Mean time per level.
                   A        B        C        D        E       F      G
               +--------+--------+--------+--------+--------+-----+--------+
         Total |   1062 |    182 |    880 |      0 |      0 |   3 |  354.0 |
       Dungeon |   1062 |    182 |    880 |      0 |      0 |   3 |  354.0 |
               +--------+--------+--------+--------+--------+-----+--------+

Top non-repeatable levels by time:
     D:1: 745 daAuts
     D:2: 299 daAuts
     D:3: 18 daAuts
